 Dungeon Crawl Stone Soup version 0.30-a0-949-g53dc5368d7 (webtiles) character file.

Game seed: 14635696362191544399

7110 ytrimaz the Convoker (level 10, -16/37 HPs)
             Began as a Felid Summoner on Mar 27, 2023.
             Was an Initiate of Gozag.
             Engulfed by a fire crab's flame (23 damage)
             ... on level 13 of the Dungeon.
             The game lasted 00:33:32 (16016 turns).

ytrimaz the Convoker (Felid Summoner)              Turns: 16016, Time: 00:33:32

Health: -16/37     AC:  6    Str: 12    XL:     10   Next: 85%
Magic:  13/27      EV: 19    Int: 24    God:    Gozag
Gold:   2119       SH:  0    Dex: 12    Spells: 13/33 levels left
                                        Lives:  0   Deaths: 3

rFire   . . .      SeeInvis +    (weapon unavailable)
rCold   . . .      Faith    .    (shield unavailable)
rNeg    . . .      Spirit   .    (body armour unavailable)
rPois   +          Reflect  .    (helmet unavailable)
rElec   .          Rampage  .    (cloak unavailable)
rCorr   .          Clarity  +    (gloves unavailable)
Will    +....                    (boots unavailable)
Stlth   ++                       (no amulet)
HPRegen 0.26/turn                n - +6 ring of intelligence
MPRegen 0.20/turn                q - ring of wizardry

@: quick
A: very small, claws 1, fangs 3, see invisible, speed 1, shaggy fur 2, stealthy
paws, no weapons or thrown items, no armour, multi-lived, iridescent scales 2,
clarity, clumsy 1, dopey 1, poison resistance, strong 2, subdued magic 1
a: Renounce Religion, Potion Petition, Call Merchant, Bribe Branch


You were on level 13 of the Dungeon.
You worshipped Gozag.
Gozag was most pleased with you.
You visited 2 branches of the dungeon, and saw 14 of its levels.

You collected 2185 gold pieces.
You paid 66 gold pieces to Gozag.


Innate Abilities, Weirdness & Mutations

You have sharp claws.
You have razor-sharp teeth.
You have supernaturally acute eyesight. (SInv)
You cover ground quickly. (Speed+)
You are covered in thick fur. (AC +2)
Your paws help you pounce on unaware monsters.
You are incapable of wielding weapons or throwing items.
You cannot wear armour.
You gain extra lives every three experience levels.
You are mostly covered in iridescent scales. (AC +4)
You possess an exceptional clarity of mind.
You are clumsy. (Dex -2)
You are dopey. (Int -2)
Your system is resistant to poisons. (rPois)
Your muscles are very strong. (Str +8, Int/Dex -2)
Your spells are a little easier to cast, but a little less powerful.


   Skills:
 + Level 6.8 Dodging
 - Level 2.6 Stealth
 - Level 12.0 Spellcasting
 - Level 15.0 Summonings


You had 13 spell levels left.
You knew the following spells:

 Your Spells              Type           Power      Damage    Failure   Level
a - Summon Ice Beast      Ice/Summ       38%        N/A       1%          4
b - Summon Hydra          Summ           30%        N/A       2%          7
c - Call Canine Familiar  Summ           60%        N/A       0%          3
d - Summon Guardian Gole  Hex/Summ       38%        N/A       1%          3
e - Call Imp              Summ           60%        N/A       0%          2
f - Summon Small Mammal   Summ           100%       N/A       0%          1

Your spell library contained the following spells:

 Spells                   Type           Power      Damage    Failure   Level
 Apportation              Tloc           22%        N/A       1%          1
 Slow                     Hex            44%        N/A       1%          1
 Cigotuvi's Dreadful Rot  Necr/Pois/Air  22%        N/A       1%          2
 Poisonous Vapours        Pois/Air       22%        N/A       1%          2
 Sublimation of Blood     Necr           11%        N/A       1%          2
 Wereblood                Tmut           11%        N/A       1%          2
 Summon Lightning Spire   Summ/Air       38%        N/A       1%          4
 Confusing Touch          Hex            11%        N/A       4%          3
 Frozen Ramparts          Ice            22%        1d4       4%          3
 Hailstorm                Conj/Ice       11%        3d5       4%          3
 Mephitic Cloud           Conj/Pois/Air  11%        N/A       4%          3
 Vampiric Draining        Necr           11%        2d6       4%          3
 Ice Form                 Ice/Tmut       11%        N/A       14%         4
 Alistair's Intoxication  Tmut/Pois      7%         N/A       38%         5
 Storm Form               Tmut/Air       5%         N/A       100%        7
 Maxwell's Capacitive Co  Air            5%         ∞         100%        8
 Simulacrum               Ice/Necr       Unusable   N/A       N/A         6

Inventory:

Jewellery
 c - the ring of Juygusoi {Ice rElec Int+5 Slay+2}
   (You acquired it on level 4 of the Dungeon)

   [ring of ice]

   It enhances your ice magic.
   Int:       It affects your intelligence (+5).
   Slay:      It affects your accuracy & damage with ranged weapons and melee
   (+2).
   rF:        It makes you vulnerable to fire.
   rC:        It protects you from cold.
   rElec:     It insulates you from electricity.
 n - a +6 ring of intelligence (left paw)
   (You found it on level 3 of the Dungeon)
 q - a ring of wizardry (right paw)
   (You found it on level 11 of the Dungeon)
 t - a +4 ring of slaying
   (You found it on level 5 of the Dungeon)
 u - a ring of positive energy
   (You found it on level 6 of the Dungeon)
 x - a ring of magical power
   (You found it on level 8 of the Dungeon)
 y - a ring of ice
   (You found it on level 9 of the Dungeon)
 D - a ring of positive energy
   (You found it on level 12 of the Dungeon)
Wands
 p - a wand of quicksilver (14)
   (You found it on level 4 of the Dungeon)
 A - a wand of polymorph (4)
   (You found it on level 12 of the Dungeon)
Scrolls
 b - a scroll of noise
 e - 5 scrolls of magic mapping
 f - 5 scrolls of fog
 l - 3 scrolls of teleportation
 m - 2 scrolls of blinking
 r - 3 scrolls of poison
 s - a scroll of enchant weapon
Potions
 a - 3 potions of magic
 d - 7 potions of curing
 g - a potion of invisibility
 h - 2 potions of might
 i - 2 potions of ambrosia
 j - 3 potions of flight
 k - 2 potions of lignification
 o - 2 potions of mutation
 v - 2 potions of degeneration
 z - a potion of brilliance {unknown}
 B - 2 potions of attraction {unknown}

Dungeon Overview and Level Annotations

Branches:
Dungeon (13/15) Zot: 26747  Temple (1/1) D:4 Zot: 5898    Lair (0/5) D:9
    Orc (0/2) D:10
 Vaults: D:13-14

Altars:
Ashenzari
Cheibriados
Dithmenos
Elyvilon
Fedhas
Gozag
Hepliaklqana
Kikubaaqudgha
Makhleb
Nemelex Xobeh
Okawaru
Qazlal
Ru
Sif Muna
Trog
Uskayaw
Vehumet
Wu Jian
Xom
Yredelemnul
Zin
The Shining One

Shops:
D:8 *

Portals:
Trove: D:10 (give 2 scrolls of acquirement)

Annotations:
D:11 1 runed translucent door, xian's ghost, journeyman VSIE

#........# #.#
###.#......## ##########.#
........###.# #°°.....##.#
#...#...# #.###°#####.##.#
#...#.#.###.#.°°t..##°##.#
..............#h##.......#
#..##.#.#######°#####.####
#. #.#.# #°#####.#
........# #°@.....#
#####.### ######### #. #


You could see a friendly warg (summoned).


Message History

Casting: Summon Hydra (extremely dangerous; 2% risk of failure)
Confirm with . or Enter, or press ? or * to list all spells.
The spell is extremely dangerous to miscast (2% risk of failure)!
Continue anyway? [Y]es or [N]o only, please.
The spell is extremely dangerous to miscast (2% risk of failure)!
Continue anyway?
Okay, then.
Casting: Summon Hydra (extremely dangerous; 2% risk of failure)
Confirm with . or Enter, or press ? or * to list all spells.
A guardian golem appears, shielding your allies. 😮 MP[-2]
You lost 2 mp, and now have 15/27 mp.
Unknown command.
Casting: Summon Guardian Golem (safe; 1% risk of failure)
Confirm with . or Enter, or press ? or * to list all spells.
😮 MP[-3]
You lost 3 mp, and now have 12/27 mp.
Unknown command.
You swap places.
You swap places. 😮 HP[+1] 😮 MP[+1] 😮 HP[+1] Unknown command.
Your warg disappears in a puff of smoke!
A fire crab is nearby! 😕 HP[+8] MP[+6]
You regained 8 hp, and now have 35/37 hp.
You regained 6 mp, and now have 19/27 mp.
You swap places. 😕 MP[+1]
Casting: Call Canine Familiar (safe; 0% risk of failure)
Confirm with . or Enter, or press ? or * to list all spells.
The spell is extremely dangerous to miscast (2% risk of failure)!
Continue anyway?
A six-headed hydra appears.
Your guardian golem disappears in a puff of smoke! 😕 MP[-7]
You lost 7 mp, and now have 13/27 mp.
Unknown command. 😕 HP[+1]
You swap places. 😎 HP[+1] MP[+1]
Your hp is fully restored (37).
The fire crab breathes flames at you.
The blast of flame engulfs your six-headed hydra!
You are engulfed in blazing flames.
Your six-headed hydra is engulfed in blazing flames. 😮 HP[-13]
You take 13 damage, and now have 24/37 hp.
MASSIVE DAMAGE!! (PAUSE)
You feel much better.
You are engulfed in blazing flames.
Your six-headed hydra disappears in a puff of smoke! 😮 HP[-1]
You take 1 damage, and now have 23/37 hp.
Unknown command.
You are engulfed in blazing flames.
* * * LOW HITPOINT WARNING * * *
😱 HP[-15]
You take 15 damage, and now have 8/37 hp.
MASSIVE DAMAGE!! (PAUSE)
Things that are here:
a +0 giant club; a +0 giant spiked club; 😱 MP[+1]
Casting: Summon Hydra (extremely dangerous; 2% risk of failure)
Confirm with . or Enter, or press ? or * to list all spells.
The spell is extremely dangerous to miscast (2% risk of failure)!
Continue anyway?
Okay, then.
Casting: Summon Hydra (extremely dangerous; 2% risk of failure)
Confirm with . or Enter, or press ? or * to list all spells.
😱 MP[-3]
You lost 3 mp, and now have 12/27 mp.
Unknown command.
You swap places. 😱 HP[+1]
Your warg barely misses the fire crab.
The fire crab breathes flames at you.
The blast of flame engulfs your warg. 😱 MP[+1] Unknown command.
Really quaff the potion of lignification?
Really become a tree while standing in a cloud of flame?
Okay, then.
You feel much better.
You are engulfed in blazing flames.
Ouch! That really hurt!
* * * LOW HITPOINT WARNING * * *
Your warg is engulfed in blazing flames.
Your warg bites the fire crab but does no damage.
Your warg is engulfed in blazing flames.
Your warg closely misses the fire crab.
The fire crab breathes flames at your warg.
The blast of flame engulfs your warg. 😱 HP[-2]
You take 2 damage, and now have 7/37 hp.
Unknown command.
Blink to where?
Press: ? - help, Dir - move target
As you read the scroll of blinking, it crumbles to dust.
You are engulfed in blazing flames.
Ouch! That really hurt!
You die...
Xom thinks this is hilarious!
Your body crumbles into a pile of gold.

Skill      XL: |  1  2  3  4  5  6  7  8  9 10 11 |
---------------+----------------------------------+-----
Spellcasting   | 3 4 5 6 7 11 12 | 12.0
Summonings     | 5 6 8 9 11 15 14 | 15.0
Dodging        | 6 5 |  6.8
Stealth        | |  2.6

Action                     |  1- 3 |  4- 6 |  7- 9 | 10-12 || total
---------------------------+-------+-------+-------+-------++-------
  Melee: Unarmed           |    50 |     7 |    24 |     7 ||    88
         Bite              |     6 |     1 |     6 |     1 ||    14
         Punch             |     1 |       |       |       ||     1
   Cast: Summon Small Mamm |    38 |    21 |    20 |     6 ||    85
         Call Imp          |     2 |    16 |    14 |     1 ||    33
         Call Canine Famil |     4 |    20 |    59 |    47 ||   130
         Summon Guardian G |       |     2 |    40 |    25 ||    67
         Summon Hydra      |       |       |     3 |    17 ||    20
         Summon Ice Beast  |       |       |       |     4 ||     4
  Evoke: Wand              |       |       |       |     1 ||     1
    Use: Scroll            |       |     8 |     7 |     9 ||    24
         Potion            |       |       |       |     3 ||     3
   Stab: Sleeping          |     2 |       |       |       ||     2
 Armour: Skin              |     2 |     6 |     5 |     5 ||    18
  Dodge: Dodged            |    77 |    38 |    87 |    43 ||   245

Levels and vault maps discovered:
D:1:      elethiomel_arrival_maze, layout_basic, ebering_ecumenical_altar_mist,
          nicolae_kite_square_tiling_tiny
D:2:      layout_rooms, uniq_jessica
D:3:      layout_rooms, nicolae_overflow_two_pavilions,
          corexii_leaking_fountain, grunt_decor_junction
D:4:      layout_basic, vehumet_crystals, grunt_temple_overflow_cloverleaf,
          nicolae_dithmenos_through_a_glass_darkly, minmay_temple_entry_ruins,
          minmay_box_of_dots, uniq_edmund
D:5:      layout_gridville, corner_web_ring, uniq_pikel
D:6:      layout_loops_ring, kennysheep_mini_moat, gup_sewer_entry_spiral,
          uniq_eustachio
D:7:      layout_loops_cross, kennysheep_generic_room_6
D:8:      layout_loops_ring, lemuel_tele_altar, moated_statue,
          guppyfry_shop_venom, uniq_grum, uniq_amaemon
D:9:      layout_loops_ring, makhleb_altar_promises_db,
          mainiacjoe_overflow_brackets, david_lair_shrubbed
D:10:     layout_irregular_city, orc_david_3, enter_trove_2, uniq_joseph
D:11:     layout_irregular_city, ebering_ghost_xom
D:12:     layout_rooms
D:13:     layout_loops_cross, skrybe_vaults_entry_preservation,
          serial_nicolae_subway, nicolae_sub_station_metal,
          nicolae_sub_station_stone, nicolae_sub_station_crystal
Temple:   nicolae_temple_two_arcs

Notes
Turn   | Place    | Note
-------+----------+-------------------------------------------
     0 | D:1      | ytrimaz the Felid Summoner began the quest for the Orb.
     0 | D:1      | Reached XP level 1. HP: 7/7 MP: 4/4
     0 | D:1      | magus.rc [v1.9.6]
   204 | D:1      | Reached XP level 2. HP: 9/11 MP: 0/6
   321 | D:1      | Learned a level 2 spell: Call Imp
   443 | D:1      | HP: 2/11 [constriction (1)]
  1063 | D:1      | Found a faded altar of an unknown god.
  1119 | D:1      | Prayed at the altar of an unknown god.
  1119 | D:1      | Became a worshipper of Xom of Chaos
  1172 | D:2      | Reached XP level 3. HP: 13/14 MP: 6/8
  1186 | D:2      | XOM: silly message
  1261 | D:2      | Learned a level 3 spell: Call Canine Familiar
  1312 | D:2      | Noticed Jessica
  1321 | D:2      | XOM: potion effect (haste)
  1336 | D:2      | Killed Jessica
  1337 | D:2      | Reached skill level 3 in Spellcasting
  1422 | D:2      | XOM: 2-stop teleportation journey
  1703 | D:2      | Reached XP level 4. HP: 18/18 MP: 7/9
  1712 | D:2      | You pick up a book of Debilitation and begin reading...
  1712 | D:2      | You add the spells Slow, Vampiric Draining and Confusing
                  | Touch to your library.
  1717 | D:2      | XOM: god gift: great mace {god gift}
  1929 | D:3      | XOM: potion effect (haste)
  1936 | D:3      | Reached skill level 5 in Summonings
  2270 | D:3      | XOM: god gift: embroidered robe {god gift}
  2305 | D:3      | Found a stormy altar of Qazlal.
  2305 | D:3      | Found a glowing silver altar of Zin.
  2326 | D:3      | HP: 4/18 [orc priest/divine providence (8)]
  2408 | D:3      | XOM: smoke on damage
  2419 | D:3      | Reached XP level 5. HP: 14/21 MP: 6/11
  2592 | D:3      | Reached skill level 4 in Spellcasting
  3072 | D:3      | Learned a level 3 spell: Summon Guardian Golem
  3240 | D:4      | You pick up a book of Blood and begin reading...
  3240 | D:4      | You add the spells Sublimation of Blood, Wereblood and
                  | Summon Hydra to your library.
  3248 | D:4      | Identified a scroll of acquirement
  3248 | D:4      | Acquired the ring of Juygusoi {Ice rElec Int+5 Slay+2}
  3431 | D:4      | Found a staircase to the Ecumenical Temple.
  3484 | D:4      | Noticed a phantom
  3498 | D:4      | Killed a phantom
  3499 | D:4      | Reached skill level 6 in Summonings
  3499 | D:4      | Gained mutation: You are covered in thick fur. (AC +2)
                  | [Felid growth]
  3499 | D:4      | Reached XP level 6. HP: 24/24 MP: 11/13
  3528 | D:4      | XOM: polymorph wolf -> bullfrog
  3551 | D:4      | XOM: 4-stop teleportation journey
  3721 | D:4      | Found a radiant altar of Vehumet.
  3722 | D:4      | Found a shadowy altar of Dithmenos.
  3824 | D:4      | XOM: stat loss: -1 Int (29/30)
  3833 | D:4      | XOM: summons 1 hostile demon
  3946 | D:4      | XOM: torment (13/24 hp)
  4052 | D:4      | Noticed Edmund
  4068 | D:4      | Killed Edmund
  4069 | D:4      | Reached skill level 5 in Spellcasting
  4144 | D:4      | Found a white marble altar of Elyvilon.
  4146 | D:4      | Found a sacrificial altar of Ru.
  4168 | D:4      | Reached XP level 7. HP: 14/27 MP: 5/15
  4281 | D:4      | Found a shimmering altar of Xom.
  4289 | D:4      | Found an ornate altar of the Wu Jian Council.
  4326 | D:4      | XOM: polymorph wolf -> worm
  4520 | D:4      | XOM: give mutations
  4520 | D:4      | Gained mutation: You are dopey. (Int -2) [Xom's mischief]
  4520 | D:4      | Gained mutation: You occasionally shout uncontrollably at
                  | your foes. [Xom's mischief]
  4520 | D:4      | Gained mutation: Your magical capacity is low. (-10% MP)
                  | [Xom's mischief]
  4520 | D:4      | Lost mutation: You are dopey. (Int -2) [Xom's mischief]
  4648 | Temple   | Entered the Ecumenical Temple
  4763 | Temple   | Fell from the grace of Xom
  4763 | Temple   | Became a worshipper of Gozag Ym Sagoz the Greedy
  4811 | D:5      | Entered Level 5 of the Dungeon
  4934 | D:4      | XOM: polymorph crimson imp -> iron imp
  4978 | D:4      | Learned a level 7 spell: Summon Hydra
  5074 | D:4      | XOM: summons 1 hostile shadow creature
  5168 | D:4      | XOM: give mutation
  5168 | D:4      | Lost mutation: You occasionally shout uncontrollably at
                  | your foes. [Xom's mischief]
  5295 | D:5      | Reached skill level 7 in Summonings
  5384 | D:5      | Noticed Pikel
  5401 | D:5      | Killed Pikel
  5402 | D:5      | Reached skill level 6 in Spellcasting
  5402 | D:5      | Reached skill level 8 in Summonings
  5402 | D:5      | Reached XP level 8. HP: 25/31 MP: 9/17
  5719 | D:5      | Reached skill level 7 in Spellcasting
  5841 | D:5      | XOM: scenery: 1 doors close
  6216 | D:5      | XOM: polymorph crimson imp -> iron imp
  6404 | D:6      | You pick up a book of Party Tricks and begin reading...
  6404 | D:6      | You add the spells Apportation and Alistair's Intoxication
                  | to your library.
  6445 | D:6      | Reached skill level 9 in Summonings
  6463 | D:6      | XOM: scenery: create altars
  6540 | D:6      | XOM: stat loss: -3 Int (27/30)
  6646 | D:6      | XOM: give mutations
  6646 | D:6      | Gained mutation: Your muscles are strong. (Str +4, Int/Dex
                  | -1) [Xom's mischief]
  6646 | D:6      | Gained mutation: You are agile. (Dex +4, Str/Int -1) [Xom's
                  | mischief]
  6646 | D:6      | Gained mutation: You are dopey. (Int -2) [Xom's mischief]
  6646 | D:6      | Gained mutation: Your system is resistant to poisons.
                  | (rPois) [Xom's mischief]
  6649 | D:6      | Found a hide-covered altar of Uskayaw.
  6713 | D:6      | Noticed Eustachio
  6744 | D:6      | Killed Eustachio
  6745 | D:6      | Reached XP level 9. HP: 30/34 MP: 12/19
  7100 | D:6      | Found a glowing drain.
  7157 | D:6      | Reached skill level 8 in Spellcasting
  7380 | D:6      | XOM: summons 1 hostile shadow creature
  7669 | D:7      | XOM: polymorph wolf -> killer bee
  7744 | D:7      | Noticed a purple ugly thing
  7765 | D:7      | Killed a purple ugly thing
  7766 | D:7      | Reached skill level 10 in Summonings
  7778 | D:7      | XOM: give mutations
  7778 | D:7      | Gained mutation: You are partially covered in iridescent
                  | scales. (AC +2) [Xom's mischief]
  7778 | D:7      | Gained mutation: You are frail. (-10% HP) [Xom's mischief]
  7778 | D:7      | Lost mutation: You are agile. (Dex +4, Str/Int -1) [Xom's
                  | mischief]
  7778 | D:7      | Gained mutation: You have a pair of small antennae on your
                  | head. [Xom's mischief]
  8330 | D:7      | XOM: give mutations
  8330 | D:7      | Lost mutation: Your muscles are strong. (Str +4, Int/Dex
                  | -1) [Xom's mischief]
  8330 | D:7      | Lost mutation: You have a pair of small antennae on your
                  | head. [Xom's mischief]
  8387 | D:8      | Reached skill level 9 in Spellcasting
  8460 | D:8      | Found a hazy altar of Hepliaklqana.
  8473 | D:8      | HP: 7/30 [centaur/arrow (12)]
  8480 | D:8      | Noticed an orange demon
  8482 | D:8      | Shot with an arrow by a centaur
  8483 | D:8      | Reached XP level 8. HP: -2/27 MP: 19/19
  8524 | D:8      | Killed an orange demon
  8525 | D:8      | Reached XP level 9. HP: 30/30 MP: 16/21
  8570 | D:8      | You pick up a book of the Sky and begin reading...
  8570 | D:8      | You add the spells Storm Form and Maxwell's Capacitive
                  | Coupling to your library.
  8659 | D:8      | XOM: give mutations
  8659 | D:8      | Lost mutation: Your magical capacity is low. (-10% MP)
                  | [Xom's mischief]
  8659 | D:8      | Gained mutation: Your spells are a little easier to cast,
                  | but a little less powerful. [Xom's mischief]
  8683 | D:8      | XOM: divination: detect creatures
  8705 | D:8      | Noticed Amaemon
  8705 | D:8      | HP: 7/30 [Amaemon/bolt of dispelling energy (23)]
  8715 | D:8      | HP: 5/30 [scorpion[Amaemon] (5)]
  8742 | D:8      | Killed Amaemon
  8743 | D:8      | Reached skill level 11 in Summonings
  9061 | D:8      | Found Kolifir's Serpentskin Sales.
  9084 | D:8      | HP: 7/30 [poisoned by a water moccasin]
  9119 | D:8      | HP: 7/30 [centaur/arrow (5)]
  9324 | D:8      | Reached skill level 10 in Spellcasting
  9386 | D:8      | XOM: stat loss: -1 Str (3/4)
  9529 | D:8      | XOM: draining
  9572 | D:8      | XOM: summons 3 hostile shadow creatures
 10006 | D:8      | Reached XP level 10. HP: 30/31 MP: 17/25
 10074 | D:8      | Noticed Grum
 10084 | D:8      | Killed Grum
 10279 | D:9      | Noticed a nameless horror
 10419 | D:8      | XOM: give mutations
 10419 | D:8      | Gained mutation: Your muscles are strong. (Str +4, Int/Dex
                  | -1) [Xom's grace]
 10419 | D:8      | Gained mutation: You are mostly covered in iridescent
                  | scales. (AC +4) [Xom's grace]
 10419 | D:8      | Lost mutation: You are frail. (-10% HP) [Xom's grace]
 10496 | D:9      | You pick up a book of Vapours and begin reading...
 10496 | D:9      | You add the spells Poisonous Vapours, Cigotuvi's Dreadful
                  | Rot and Mephitic Cloud to your library.
 10537 | D:9      | Found a staircase to the Lair.
 10592 | D:9      | Found a burning altar of Makhleb.
 10592 | D:9      | Noticed an Executioner
 10624 | D:9      | Reached skill level 12 in Summonings
 10784 | D:9      | XOM: polymorph warg -> water moccasin
 10930 | D:9      | Found a sparkling altar of Nemelex Xobeh.
 10967 | D:9      | Noticed a nameless horror
 10973 | D:9      | Killed a nameless horror
 11004 | D:9      | Noticed a nameless horror
 11057 | D:9      | Killed a nameless horror
 11212 | D:9      | You pick up a book of the Tundra and begin reading...
 11212 | D:9      | You add the spells Hailstorm and Ice Form to your library.
 11317 | D:9      | HP: 8/37 [something] (10)]
 11509 | D:9      | XOM: draining
 11515 | D:9      | Killed a nameless horror
 11540 | D:9      | Noticed a smoke demon
 11876 | D:9      | HP: 8/35 [something/ball of steam (27)]
 11881 | D:9      | Killed from afar by a steam dragon
 11882 | D:9      | Reached XP level 9. HP: -21/32 MP: 20/24
 11937 | D:9      | Reached skill level 11 in Spellcasting
 12262 | D:10     | Entered Level 10 of the Dungeon
 12299 | D:10     | Noticed a gargoyle
 12314 | D:10     | Killed a gargoyle
 12423 | D:10     | Found a staircase to the Orcish Mines.
 12767 | D:10     | Found a portal to a secret trove of treasure.
 12785 | D:10     | Noticed a two-headed ogre
 12788 | D:10     | Noticed a boulder beetle
 12795 | D:10     | Killed a two-headed ogre
 12796 | D:10     | Reached XP level 10. HP: 37/37 MP: 10/26
 12800 | D:10     | Killed a boulder beetle
 12906 | D:10     | Noticed Joseph
 12916 | D:10     | Killed Joseph
 12917 | D:10     | Reached skill level 13 in Summonings
 13015 | D:10     | Noticed a two-headed ogre
 13025 | D:10     | Killed a two-headed ogre
 13113 | D:10     | XOM: give mutation
 13113 | D:10     | Gained mutation: You are clumsy. (Dex -2) [Xom's mischief]
 13143 | D:10     | XOM: polymorph warg -> centaur
 13185 | D:10     | XOM: give mutations
 13185 | D:10     | Gained mutation: Your muscles are very strong. (Str +8,
                  | Int/Dex -2) [Xom's grace]
 13185 | D:10     | Gained mutation: You possess an exceptional clarity of
                  | mind. [Xom's grace]
 13298 | D:11     | XOM: noise
 13464 | D:11     | Noticed a two-headed ogre
 13475 | D:10     | HP: 7/37 [two-headed ogre/+0 giant club (15)]
 13488 | D:10     | Killed a two-headed ogre
 13525 | D:10     | XOM: polymorph wolf -> glowing shapeshifter
 13636 | D:10     | XOM: stat loss: -3 Str (9/12)
 13636 | D:10     | Was forgiven by Xom
 13850 | D:11     | Noticed a white ugly thing
 13854 | D:11     | Noticed a two-headed ogre
 13868 | D:11     | Killed a two-headed ogre
 13869 | D:11     | Reached skill level 12 in Spellcasting
 13872 | D:11     | Killed a white ugly thing
 13943 | D:11     | Reached XP level 11. HP: 40/40 MP: 18/28
 14027 | D:11     | Noticed a deep elf pyromancer
 14059 | D:11     | Killed a deep elf pyromancer
 14060 | D:11     | Reached skill level 14 in Summonings
 14413 | D:11     | Found a runed translucent door.
 14439 | D:11     | Noticed a deep elf pyromancer
 14770 | D:11     | Killed a deep elf pyromancer
 14819 | D:11     | Found a shimmering altar of Xom.
 14819 | D:11     | Noticed xian's ghost (journeyman VSIE)
 14819 | D:11     | Noticed a +2 hand axe of chaos
 14925 | D:12     | Reached skill level 3 in Dodging
 14940 | D:12     | Noticed a cyan ugly thing
 14948 | D:12     | Killed a cyan ugly thing
 14994 | D:12     | Reached skill level 4 in Dodging
 15328 | D:12     | You pick up a book of Rime and begin reading...
 15328 | D:12     | You add the spells Frozen Ramparts and Summon Ice Beast to
                  | your library.
 15334 | D:12     | Learned a level 4 spell: Summon Ice Beast
 15713 | D:13     | Reached skill level 5 in Dodging
 15723 | D:13     | Noticed a two-headed ogre
 15729 | D:13     | Noticed a fire crab
 15743 | D:13     | Engulfed by a fire crab's flame
 15744 | D:13     | Reached XP level 10. HP: -1/37 MP: 17/27
 15767 | D:13     | Noticed a catoblepas
 15787 | D:13     | Killed a catoblepas
 15788 | D:13     | Killed a two-headed ogre
 15789 | D:13     | Reached skill level 6 in Dodging
 15789 | D:13     | Reached skill level 15 in Summonings
 15835 | D:13     | Noticed a manticore
 15846 | D:13     | Killed a manticore
 15934 | D:13     | HP: 2/37 [fire crab] (22)]
 16007 | D:13     | HP: 7/37 [fire crab] (16)]
 16015 | D:13     | HP: 7/37 [fire crab] (27)]
 16016 | D:13     | Engulfed by a fire crab's flame

Vanquished Creatures
  An orc priest (D:12)
  A hound (D:5)
  4 orcs
  2 bats
  2 endoplasms (D:1)
  3 hobgoblins
  A quokka (D:1)
  A frilled lizard (D:2)
  2 kobolds
  4 rats (D:1)
21 creatures vanquished.

Vanquished Creatures (collateral kills)
  A catoblepas (D:13)
  5 two-headed ogres
  Pikel (D:5)
  2 deep elf pyromancers (D:11)
  3 ugly things
  2 manticores
  4 nameless horrors
  Joseph (D:10)
  A gargoyle (D:10)
  A kobold demonologist (D:12)
  2 trolls
  Eustachio (D:6)
  A shadow (D:11)
  A wraith (D:11)
  4 yaks (D:8)
  Grum (D:8)
  3 vampire mosquitoes (D:13)
  A basilisk (D:12)
  2 water moccasins (D:8)
  3 ice beasts
  A sky beast (D:7)
  A black bear (D:5)
  4 wolves (D:8)
  2 centaurs (D:8)
  A lemure (D:4)
  2 phantoms
  3 kobold brigands
  A bullfrog (D:7)
  A scorpion (D:4)
  10 wights
  6 killer bees
  4 howler monkeys
  3 hounds
  2 jellies
  7 orc priests
  2 gnoll boudas
  5 iguanas
  Jessica (D:2)
  11 orc wizards
  6 gnolls
  9 adders
  A white imp (D:7)
  An ufetubus (D:7)
  3 dart slugs
  4 worms
  21 orcs
  A bat (D:2)
  7 endoplasms
  5 giant cockroaches
  5 hobgoblins
  15 kobolds
  3 quokkas
  6 ball pythons
  3 frilled lizards
  2 goblins (D:1)
  7 rats
206 creatures vanquished.

Vanquished Creatures (others)
  A boulder beetle (D:10)
  Amaemon (D:8)
  An orange demon (D:8)
  A komodo dragon (D:9)
  2 trolls
  A steam dragon (D:9)
  Edmund (D:4)
  4 orc warriors (D:10)
  An ogre (D:6)
  A kobold brigand (D:9)
  3 wights
  5 killer bees (D:8)
  2 orc priests
  2 orc wizards
  2 gnolls (D:7)
  5 orcs
  44 plants (D:9)
77 creatures vanquished.

Grand Total: 304 creatures vanquished

Table legend:
 A = Non-vault XP
 B = Vault XP
 C = Vault XP percentage of total XP
 D = Non-vault monster count
 E = Vault monster count
 F = Vault count percentage of total count
                 A         B        C        D         E       F
            +---------+---------+-------+---------+---------+-------
      Total |   19494 |    4269 |  18.0 |     224 |      30 |  11.8
            +---------+---------+-------+---------+---------+-------
        D:1 |      40 |       0 |   0.0 |      25 |       0 |   0.0
        D:2 |      23 |      37 |  61.7 |      13 |       1 |   7.1
        D:3 |     184 |       0 |   0.0 |      18 |       0 |   0.0
        D:4 |     345 |     155 |  31.0 |      19 |       2 |   9.5
        D:5 |     763 |     663 |  46.5 |      20 |       1 |   4.8
        D:6 |     628 |     237 |  27.4 |      11 |       8 |  42.1
        D:7 |    1202 |      36 |   2.9 |      23 |       1 |   4.2
        D:8 |    1827 |    2056 |  52.9 |      24 |      10 |  29.4
        D:9 |    1229 |     367 |  23.0 |      22 |       1 |   4.3
       D:10 |    4081 |     718 |  15.0 |      14 |       6 |  30.0
       D:11 |    4407 |       0 |   0.0 |      14 |       0 |   0.0
       D:12 |    2007 |       0 |   0.0 |      15 |       0 |   0.0
       D:13 |    2758 |       0 |   0.0 |       6 |       0 |   0.0
            +---------+---------+-------+---------+---------+-------

Illustrated notes

Table legend:
 A = Kills in this place as a percentage of kills in the entire game.
 B = Kills by you in this place as a percentage of kills by you in the entire game.
 C = Kills by friends in this place as a percentage of kills by friends in the entire game.
 D = Other kills in this place as a percentage of other kills in the entire game.
 E = Experience gained in this place as a percentage of experience gained in the entire game.
 F = Experience gained in this place divided by the number of levels of this place that you have seen.
                   A       B       C       D       E      F
               +-------+-------+-------+-------+-------+----------------------
         Total | 100.0 | 100.0 | 100.0 | 100.0 | 100.0 | 1697.4
       Dungeon | 100.0 | 100.0 | 100.0 | 100.0 | 100.0 | 1827.9
               +-------+-------+-------+-------+-------+----------------------

Table legend: (Time is in decaauts)
 A = Elapsed time spent in this place.
 B = Non-inter-level travel time spent in this place.
 C = Inter-level travel time spent in this place.
 D = Time resting spent in this place.
 E = Time spent auto-exploring this place.
 F = Levels seen in this place.
 G = Mean time per level.
                   A        B        C        D        E       F      G
               +--------+--------+--------+--------+--------+-----+--------+
         Total |  14149 |  13663 |    486 |    973 |   9655 |  14 | 1010.6 |
       Dungeon |  14048 |  13569 |    479 |    973 |   9572 |  13 | 1080.6 |
        Temple |    101 |     94 |      7 |      0 |     82 |   1 |  101.0 |
               +--------+--------+--------+--------+--------+-----+--------+

Top non-repeatable levels by time:
     D:8: 1990 daAuts
     D:4: 1680 daAuts
     D:9: 1479 daAuts
    D:10: 1197 daAuts
     D:6: 1148 daAuts
    D:11: 1109 daAuts
     D:3: 1107 daAuts
     D:1: 992 daAuts
     D:5: 972 daAuts
     D:7: 743 daAuts
    D:12: 693 daAuts
     D:2: 590 daAuts
    D:13: 342 daAuts
  Temple: 101 daAuts
